Map: King Sejong Station LE

Players

Stephano - Winner!

  • Race: Zerg Zerg
  • League: Grandmaster

Miszu

  • Race: Terran Terran
  • League: Master

VOD

Have the link to the VOD?

Description

Time

  • Played on: June 13, 2016, 12:26 p.m.
  • Length: 10:33
Show
View Real Time Build Order
Export as new Build Order

Stephano Zerg - Winner!

Build Orders: Hatch First 

Get SALT Encoding   

  12  0:00  Drone  
  13  0:12  Overlord  
  13  0:17  Drone  
  14  0:31  Drone x2  
  14  0:34  Drone  
  17  0:52  Hatchery  
  17  0:55  Drone  
  17  0:57  Drone  
  18  1:11  Spawning Pool  
  18  1:14  Drone  
  18  1:17  Drone  
  19  1:28  Drone  
  20  1:41  Hatchery  
  20  1:42  Drone  
  20  1:59  Zergling x2  
  20  2:00  Zergling x2  
  22  2:06  Queen x2  
  26  2:12  Overlord  
  26  2:15  Drone  
  27  2:17  Drone  
  28  2:32  Drone x2  
  28  2:34  Drone  
  31  2:38  Drone  
  31  2:42  Queen x2  
  36  2:49  Overlord  
  36  2:53  Queen  
  36  2:57  Overlord  
  38  3:05  Drone x2  
  39  3:06  Drone  
  39  3:07  Drone  
  39  3:08  Drone  
  39  3:11  Extractor  
  39  3:12  Extractor, Zergling x2  
  42  3:15  Drone  
  43  3:20  Drone x2  
  43  3:24  Drone x3  
  48  3:28  Drone  
  48  3:30  Drone x2  
  51  3:35  Drone x2  
  53  3:43  Overlord  
  53  3:45  Drone x2  
  55  3:49  Drone x2  
  55  3:51  Drone  
  55  3:53  Overlord  
  58  3:55  Evolution Chamber  
  58  3:58  Drone  
  58  4:00  Drone, Evolution Chamber  
  58  4:07  Overlord x2  
  58  4:10  Metabolic Boost  
  58  4:15  Queen  
  60  4:21  Drone x2  
  60  4:23  Drone x2  
  60  4:24  Drone  
  65  4:26  Drone x3  
  65  4:28  Zerg Melee Weapons Level 1  
  68  4:34  Spore Crawler  
  68  4:36  Drone x3  
  69  4:39  Overlord  
  69  4:50  Zerg Ground Armor Level 1  
  69  4:52  Drone  
  70  4:53  Hatchery  
  70  4:54  Overlord  
  70  4:57  Extractor x2  
  70  4:59  Drone x2  
  69  5:07  Drone  
  69  5:13  Zergling x8  
  69  5:14  Zergling x2, Hatchery  
  74  5:16  Overlord  
  74  5:19  Drone x3  
  77  5:21  Lair  
  77  5:29  Overlord  
  77  5:31  Drone x3  
  80  5:42  Overlord  
  80  5:46  Zergling x6  
  80  5:47  Zergling x10  
  88  5:55  Overlord  
  88  5:58  Overlord, Baneling Nest  
  88  6:03  Overlord  
  88  6:04  Zergling x16  
  89  6:10  Zergling x4  
  97  6:17  Zergling x2  
  97  6:18  Zergling x4  
  100  6:24  Zergling x6  
  103  6:28  Zerg Melee Weapons Level 2  
  103  6:30  Infestation Pit  
  102  6:35  Zergling x14  
  88  6:48  Zergling x14  
  88  6:58  Zergling x12  
  86  7:01  Centrifical Hooks  
  86  7:05  Zergling x8  
  86  7:10  Zergling x2  
  86  7:11  Zergling x4  
  87  7:16  Zerg Ground Armor Level 2  
  87  7:19  Zergling x4  
  88  7:31  Drone x8  
  91  7:38  Zergling x14  
  93  7:50  Zergling x20  
  100  7:57  Zergling x2  
  100  7:58  Zergling x6  
  100  8:00  Hive  
  97  8:07  Zergling x8  
  97  8:10  Queen  
  103  8:17  Overlord  
  103  8:18  Overlord  
  103  8:19  Zergling x6  
  106  8:20  Baneling x3  
  106  8:21  Baneling x13  
  106  8:22  Pneumatized Carapace  
  106  8:23  Overseer  
  106  8:25  Overlord  
  106  8:28  Zergling x8  
  106  8:31  Queen x2  
  106  8:32  Overlord  
  106  8:33  Zergling x6, Hatchery  
  106  8:34  Zergling x2  
  114  8:51  Zergling x2  
  114  8:52  Zergling x18  
  105  9:05  Zergling x2  
  105  9:06  Zergling x20  
  105  9:09  Zergling x2  
  107  9:22  Baneling x8  
  107  9:25  Zergling x14  
  114  9:31  Zergling x2  
  114  9:32  Zergling x8  
  117  9:43  Zergling x14  
  115  9:55  Zergling x8  
  115  9:56  Zergling x14  
  115  9:58  Baneling x6  
  115  9:59  Baneling x4  
  120  10:02  Zergling x8  
  123  10:10  Zergling x2  
  123  10:11  Zergling x20  
Show
View Real Time Build Order
Export as new Build Order

Miszu Terran 

Build Orders: Reaper Expand, MMM Bio 

Get SALT Encoding   

  12  0:01  SCV  
  13  0:13  SCV  
  14  0:18  Supply Depot  
  14  0:25  SCV  
  15  0:39  SCV  
  16  0:44  Barracks  
  16  0:46  Refinery  
  16  0:51  SCV  
  17  1:03  SCV  
  18  1:15  SCV  
  19  1:30  Orbital Command  
  19  1:31  Reaper  
  20  1:48  Command Center  
  20  1:56  SCV  
  20  1:58  Supply Depot  
  21  2:03  Marine  
  23  2:08  SCV  
  23  2:12  Factory  
  23  2:20  SCV  
  24  2:22  Barracks Reactor  
  24  2:38  SCV  
  24  2:42  Command Center  
  25  2:50  SCV  
  26  3:01  Orbital Command  
  26  3:04  Barracks Tech Lab  
  26  3:05  SCV  
  27  3:11  Hellion x2  
  31  3:17  SCV  
  32  3:23  Marine  
  32  3:24  Stimpack  
  32  3:27  SCV  
  34  3:34  SCV  
  35  3:41  Refinery  
  35  3:46  Barracks, SCV x2  
  35  3:47  Barracks  
  35  3:48  Factory Reactor  
  37  3:49  Marine  
  38  3:58  SCV x2  
  41  4:05  Orbital Command  
  41  4:06  Marine  
  41  4:10  SCV x2  
  41  4:14  Engineering Bay x2  
  43  4:22  SCV x2  
  45  4:34  SCV x2  
  45  4:36  SCV, Factory Reactor  
  45  4:38  Marine, Refinery  
  49  4:39  Refinery  
  49  4:45  Starport, Terran Infantry Weapons Level 1  
  50  4:46  SCV  
  50  4:47  SCV  
  50  4:51  Marine  
  50  4:52  Marine  
  54  4:54  Supply Depot  
  54  4:56  Supply Depot, Terran Infantry Armor Level 1  
  54  4:58  SCV  
  54  4:59  SCV  
  55  5:00  Marine, Orbital Command  
  55  5:01  Marine x2  
  58  5:09  Marine x2  
  58  5:10  SCV  
  58  5:12  SCV  
  60  5:18  Marine  
  63  5:21  Supply Depot  
  63  5:23  Supply Depot, SCV  
  63  5:27  Barracks  
  63  5:28  Barracks  
  63  5:29  SCV x2, Factory Reactor  
  63  5:35  Medivac x2, SCV  
  67  5:39  Marine x2  
  71  5:43  SCV  
  71  5:45  Supply Depot  
  71  5:46  Supply Depot  
  71  5:48  SCV x2  
  74  5:53  Combat Shields  
  74  5:55  Marine, SCV  
  76  6:00  SCV x2  
  78  6:07  Supply Depot x2, SCV  
  78  6:10  Armory  
  79  6:12  SCV x2  
  79  6:15  Marine  
  79  6:16  Marine x3  
  79  6:17  Barracks Reactor  
  86  6:18  Barracks Reactor  
  86  6:19  SCV  
  86  6:24  Marine, SCV x2  
  89  6:31  SCV  
  88  6:33  Marine x2  
  88  6:36  SCV  
  55  6:58  Marine  
  55  6:59  Marine  
  55  7:00  SCV x2  
  55  7:01  SCV  
  53  7:04  Marine  
  53  7:05  Marine x6  
  59  7:12  SCV x2  
  59  7:14  SCV  
  61  7:15  Marine  
  61  7:17  Marine  
  61  7:20  Medivac x2  
  61  7:22  Marine x3  
  68  7:23  Marine x4  
  68  7:24  SCV x2  
  68  7:26  SCV  
  68  7:28  Supply Depot x2  
  77  7:33  Marine  
  77  7:35  Marine  
  75  7:40  Marine x4  
  77  7:49  Marine  
  77  7:50  Marine x2  
  75  7:51  Bunker, Marine  
  75  7:52  Marine  
  75  7:58  Marine x4  
  75  8:03  Terran Infantry Armor Level 2, Terran Infantry Weapons Level 2  
  76  8:07  Marine, SCV  
  76  8:08  Marine x2, SCV  
  76  8:09  Marine  
  76  8:10  Marine  
  83  8:15  Marine, Medivac  
  83  8:16  Marine x3, Medivac, SCV  
  92  8:25  Marine x3  
  95  8:27  Marine  
  95  8:31  Factory  
  95  8:33  Terran Vehicle Weapons Level 1  
  98  8:35  Hellbat x2  
  98  8:36  Marine x2  
  98  8:38  Marine  
  98  8:39  Marine x2  
  105  8:43  Marine x3  
  105  8:44  Marine  
  105  8:45  SCV x3  
  112  8:50  Orbital Command  
  112  8:54  Marine  
  78  8:57  SCV  
  73  9:03  Marine  
  73  9:04  Marine x7  
  73  9:05  Medivac  
  76  9:12  Marine  
  76  9:14  SCV x2  
  76  9:21  Marine  
  76  9:22  Marine x6  
  76  9:23  Hellbat  
  76  9:24  Hellbat, Factory Tech Lab  
  87  9:26  SCV x2  
  87  9:28  Marine  
  87  9:30  Marine  
  91  9:38  SCV  
  91  9:39  Marine x2  
  76  9:47  Marine x3  
  76  9:48  Marine x2  
  76  9:50  Cyclone  
  78  10:08  Hellbat x2  
  81  10:14  Marine x5  
  81  10:15  Marine  
Tags
 
Add a new tag
Caveats
  • Supply blocks, unpowered buildings, or Contaminate may cause inaccurate times.
  • Supply counts are checked every 10 seconds.